 Seeded DCSS version 0.27-a0-1036-g8e1b44f6bd (webtiles) character file.

Game seed: 20210419 (custom seed)

319 Snicker the Sneak (level 6, 0/46 HPs)
             Began as a Demonspawn Brigand on Apr 19, 2021.
             Slain by Duvessa
             ... wielding a +0 short sword
              (15 damage)
             ... on level 4 of the Dungeon.
             The game lasted 00:07:25 (3409 turns).

Snicker the Sneak (Demonspawn Brigand)              Turns: 3409, Time: 00:07:27

Health: 0/46       AC:  9    Str: 11    XL:     6   Next: 21%
Magic:  6/6        EV: 12    Int: 12    God:
Gold:   111        SH:  4    Dex: 17    Spells: 5/5 levels left

rFire    + . .     SeeInvis .   a - +2 dagger (venom)
rCold    . . .     Faith    .   (no shield)
rNeg     . . .     Spirit   .   b - +0 robe
rPois    .         Reflect  .   t - +2 hat of Paranoia {Harm rF+}
rElec    .         Harm     +   c - +0 cloak
rCorr    .         Rampage  .   (no gloves)
Will     .....                  (no boots)
Stlth    +++.......             (no amulet)
HPRegen  0.15/turn              l - +4 ring of protection
MPRegen  0.10/turn              (no ring)

@: no status effects
A: powered by death 1, sturdy frame 1, condensation shield
a: no special abilities


You were on level 4 of the Dungeon.
You visited 1 branch of the dungeon, and saw 4 of its levels.

You collected 111 gold pieces.

Inventory:

Hand Weapons
 a - a +2 dagger of venom (weapon)
 o - a +2 dagger
 v - a +1 dagger of venom
Missiles
 d - 8 poisoned darts (quivered)
 e - 2 curare-tipped darts
Armour
 b - a +0 robe (worn)
 c - a +0 cloak (worn)
 t - the +2 hat of Paranoia (worn) {Harm rF+}
   (You found it on level 4 of the Dungeon)

   It protects you from fire.
   It increases damage dealt and taken.
Jewellery
 l - a +4 ring of protection (left hand)
Wands
 u - a wand of polymorph (6)
Scrolls
 g - 4 scrolls of enchant armour {unknown}
 h - a scroll of noise {unknown}
 m - a scroll of teleportation {unknown}
 q - a scroll of torment {unknown}
 r - 3 scrolls of brand weapon {unknown}
 s - a scroll of blinking {unknown}
Potions
 f - 2 potions of might
 i - a potion of flight {unknown}
 j - 2 potions of heal wounds
 k - a potion of curing {unknown}
 n - a potion of lignification {unknown}
 p - a potion of brilliance {unknown}


   Skills:
 + Level 2.6 Fighting
 * Level 3.7 Short Blades
 + Level 1.7 Throwing
 + Level 2.2 Dodging
 * Level 5.3 Stealth
 + Level 0.5 Shields
 + Level 0.1 Unarmed Combat


You had 5 spell levels left.
You didn't know any spells.
Your spell library was empty.

Dungeon Overview and Level Annotations

Branches:
Dungeon (4/15)
 Temple: D:4-7

Altars:

Shops:
D:2 [   D:4 :

Annotations:
D:4 Duvessa


Innate Abilities, Weirdness & Mutations

You regenerate a little health from kills.
Your movements are slightly less encumbered by armour. (ER -2)
A meltable shield of frost defends you. (SH +4)


Message History

You start resting.
You are no longer glowing.
You start resting.
Your icy envelope is restored.
You see here a +0 robe.
HP restored.
Duvessa goes berserk!
Duvessa is nearby!
Duvessa is nearby!
Duvessa rages.
You hit Duvessa but do no damage.
Duvessa is poisoned.
Duvessa barely misses you. Duvessa hits you but does no damage.
You closely miss Duvessa.
Duvessa is lightly wounded.
Duvessa hits you but does no damage.
You closely miss Duvessa.
Duvessa is lightly wounded.
Duvessa closely misses you.
You barely miss Duvessa.
Duvessa is lightly wounded.
Duvessa closely misses you. Duvessa hits you with a +0 short sword.
You hit Duvessa but do no damage.
Duvessa is lightly wounded.
Duvessa closely misses you.
You hit Duvessa but do no damage.
Duvessa is lightly wounded.
Duvessa closely misses you.
You hit Duvessa.
Duvessa is lightly wounded.
Duvessa hits you with a +0 short sword!
You hit Duvessa.
Duvessa looks even sicker.
Duvessa is lightly wounded.
Duvessa closely misses you. Duvessa hits you with a +0 short sword!
You hit Duvessa but do no damage.
Duvessa looks as sick as possible!
Duvessa is lightly wounded.
Duvessa hits you but does no damage.
There is a stone staircase leading down here.
Duvessa misses you. Duvessa hits you with a +0 short sword!
You die...

#< #.#)# #. ###### #.#.#
#.##### #....####.#.# #.##..
#....+..#.#.# #.##.#####
#....##.#.#.# #........#
#....##.#.#.# .....###.#
#....##.#.#.#
.#.....#.#####.###.#.#.########
................@e..>.........#
.#.####..#.....###.#..........#
.#.# #..#.##### #............#
##.####..#.# #..........(.#
.........#.### #............#
##.####.#[...# #...##########
##.# #.#....# #...#
##.####.#....# #####
.#.#.........#


You could see Duvessa (berserk, very poisoned).

Vanquished Creatures
  A scorpion (D:4)
  Dowan (D:4)
  A bullfrog skeleton (D:4)
  An orc wizard (D:4)
  3 gnolls (D:4)
  4 adders
  3 worms
  3 dart slugs
  4 orcs (D:4)
  5 ball pythons
  3 endoplasms
  2 giant cockroaches (D:1)
  9 goblins
  5 hobgoblins
  7 jackals (D:4)
  6 quokkas
  8 bats
  5 frilled lizards
  3 kobolds
  4 rats
78 creatures vanquished.

Notes
Turn   | Place    | Note
-------+----------+-------------------------------------------
     0 | D:1      | Snicker the Demonspawn Brigand began the quest for the Orb.
     0 | D:1      | Reached XP level 1. HP: 16/16 MP: 1/1
   287 | D:1      | Reached skill level 1 in Dodging
   353 | D:1      | Gained mutation: You regenerate a little health from kills.
                  | [demonic ancestry]
   353 | D:1      | Reached XP level 2. HP: 15/22 MP: 2/2
   690 | D:1      | Reached skill level 4 in Stealth
   947 | D:1      | Found a faded altar of an unknown god.
   997 | D:1      | Reached XP level 3. HP: 27/27 MP: 3/3
  1633 | D:2      | Found Wotwaas's Armour Shop.
  2195 | D:2      | Gained mutation: A meltable shield of frost defends you.
                  | (SH +4) [demonic ancestry]
  2195 | D:2      | Reached XP level 4. HP: 33/33 MP: 4/4
  2424 | D:3      | Noticed a scorpion
  2445 | D:4      | Killed a scorpion
  2446 | D:4      | Gained mutation: Your movements are slightly less
                  | encumbered by armour. (ER -2) [demonic ancestry]
  2446 | D:4      | Reached XP level 5. HP: 8/39 MP: 5/5
  2664 | D:4      | Reached skill level 5 in Stealth
  2914 | D:4      | Found Noucomirgh's Book Shop.
  3088 | D:4      | Reached XP level 6. HP: 46/46 MP: 6/6
  3116 | D:4      | Identified the +2 hat of Paranoia {Harm rF+}
  3243 | D:4      | Noticed Duvessa
  3244 | D:4      | Noticed Dowan
  3266 | D:4      | Killed Dowan
  3409 | D:4      | Slain by Duvessa

Illustrated notes

Levels and vault maps discovered:
D:1:      lightli_arrival_farm, layout_basic,
          hellmonk_ecumenical_altar_prayer_group
D:2:      layout_basic, serial_shops, shop
D:3:      layout_basic, nicolae_hepliaklqana_monster_ancestors, serial_glass,
          glass_columns_a, glass_columns_c, glass_columns_a, glass_columns_a,
          glass_columns_a, glass_columns_b, glass_columns_c, glass_columns_a,
          glass_columns_a, glass_columns_a, glass_columns_c, glass_columns_a,
          glass_columns_b, glass_columns_a, portal_sewer_entry_c, minmay_vboxes
D:4:      layout_basic, serial_shops, shop, uniq_duvessa

Skill      XL: |  1  2  3  4  5 |
---------------+----------------+-----
Dodging        | 1 2 |  2.2
Stealth        | 4 5 |  5.3
Short Blades   | 2 3 |  3.7
Fighting       | |  2.6
Throwing       | |  1.7
Shields        | |  0.5
Unarmed Combat | |  0.1

Action                   |  1- 3 |  4- 6 || total
-------------------------+-------+-------++-------
Melee: Dagger            |   154 |   150 ||   304
       Unarmed           |       |    14 ||    14
  Use: Potion            |       |     2 ||     2
 Stab: Sleeping          |    10 |     6 ||    16
Armor: Robe              |    54 |    37 ||    91
       Skin              |       |     1 ||     1
Dodge: Dodged            |    98 |    60 ||   158
Block: Other             |       |    17 ||    17

Table legend: (Time is in decaauts)
 A = Elapsed time spent in this place.
 B = Non-inter-level travel time spent in this place.
 C = Inter-level travel time spent in this place.
 D = Time resting spent in this place.
 E = Time spent auto-exploring this place.
 F = Levels seen in this place.
 G = Mean time per level.
                   A        B        C        D        E       F      G
               +--------+--------+--------+--------+--------+-----+--------+
         Total |   3394 |   3369 |     25 |     19 |   2639 |   4 |  848.5 |
       Dungeon |   3394 |   3369 |     25 |     19 |   2639 |   4 |  848.5 |
               +--------+--------+--------+--------+--------+-----+--------+

Top non-repeatable levels by time:
     D:1: 1350 daAuts
     D:4: 949 daAuts
     D:2: 868 daAuts
     D:3: 226 daAuts
